 Dungeon Crawl Stone Soup version 0.30.1-4-g462c640d31 (webtiles) character file.

Game seed: 11450314524104596478

193 pixierail the Insei (level 5, -3/39 HPs)
             Began as an Octopode Transmuter on Sept 2, 2023.
             Slain by a goblin
             ... wielding a +0 dagger
             ... led by Robin
              (5 damage)
             ... on level 2 of the Dungeon.
             The game lasted 00:08:59 (1427 turns).

pixierail the Insei (Octopode Transmuter)           Turns: 1427, Time: 00:09:00

Health: -3/39      AC:  1    Str: 10    XL:     5   Next: 72%
Magic:  8/12       EV: 14    Int: 23    God:
Gold:   57         SH:  0    Dex: 12    Spells: 9/13 levels left

rFire   + .          .
                       - Unarmed
rCold   . . .        (no shield)
rNeg    . . .        (helmet restricted)
rPois   .            (no amulet)
rElec   .            c - ring of protection from fire
rCorr   +            f - ring of resist corrosion
SInv    .            j - +6 ring of intelligence
Will    .....        (no ring)
Stlth   ++           (no ring)
HPRegen 0.26/turn    (no ring)
MPRegen 0.13/turn    (no ring)
                     (no ring)

%: no passive effects
@: attractive
A: almost no armour, amphibious, 8 rings, camouflage 1, gelatinous body 1,
(nimble swimmer 1), tentacles
a: no special abilities


You were on level 2 of the Dungeon.
You visited 1 branch of the dungeon, and saw 2 of its levels.

You collected 57 gold pieces.

Inventory:

Jewellery
 c - a ring of protection from fire (left tentacle)
 f - a ring of resist corrosion (right tentacle)
 j - a +6 ring of intelligence (on tentacle)
Wands
 k - a wand of mindburst (20)
Scrolls
 b - a scroll of vulnerability {unknown}
 e - a scroll of teleportation {unknown}
 g - 2 scrolls of identify {unknown}
 l - a scroll of blinking {unknown}
 m - a scroll of noise {unknown}
Potions
 a - 2 potions of lignification
 d - a potion of curing {unknown}
 h - a potion of attraction
 i - a potion of experience


   Skills:
 + Level 5.1 Fighting
 - Level 5.2 Dodging
 + Level 5.8 Unarmed Combat
 - Level 4.9 Spellcasting
 + Level 5.2 Transmutations
 + Level 5.4 Poison Magic


You had 9 spell levels left.
You knew the following spells:

 Your Spells              Type           Power      Damage    Failure   Level
a - Beastly Appendage     Tmut           58%        N/A       1%          1
b - Spider Form           Tmut/Pois      30%        N/A       3%          3

Your spell library contained the following spells:

 Spells                   Type           Power      Damage    Failure   Level
 Wereblood                Tmut           29%        N/A       1%          2
 Dazzling Flash           Conj/Hex       10%        N/A       28%         3
 Ice Form                 Ice/Tmut       17%        N/A       32%         4
 Agony                    Necr           5%         N/A       95%         5
 Silence                  Hex/Air        2%         N/A       95%         5


Dungeon Overview and Level Annotations

Branches:
Dungeon (2/15)

Altars:


Innate Abilities, Weirdness & Mutations

You cannot wear most types of armour.
You are amphibious.
You can wear up to eight rings at the same time.
Your skin changes colour to match your surroundings (Stealth+).
Your rubbery body absorbs attacks. (AC +1, EV +1)
((You are camouflaged when in or above water. (Stealth+)))
You have tentacles for arms and can constrict up to eight enemies at once.


Message History

Your squeeze misses the hobgoblin. You constrict Robin, but do no damage.
You constrict the goblin.
Robin roars a battlecry!
The goblin goes into a battle-frenzy!
The goblin throws a stone.
The stone misses you. The hobgoblin hits you! The goblin misses you.
You hear a shout!
You tentacle-slap the hobgoblin. You grab the hobgoblin.
The hobgoblin is moderately wounded.
You constrict Robin. You constrict the goblin.
You kill the goblin!
You constrict the hobgoblin.
Robin zaps a wand.
The puff of flame hits you. You resist.
* * * LOW HITPOINT WARNING * * *
The hobgoblin barely misses you.
It was a potion of attraction.
You feel attractive to monsters.
You constrict Robin.
You kill Robin!
You constrict the hobgoblin.
You kill the hobgoblin!
The goblin is attracted toward you. x2
It was a potion of experience.
You feel more experienced!
Your Fighting skill gained 3 levels and is now at level 5!
Your Dodging skill gained 3 levels and is now at level 5!
Your Unarmed Combat skill gained 2 levels and is now at level 5!
Your Spellcasting skill gained 2 levels and is now at level 4!
Your Transmutations skill gained 3 levels and is now at level 5!
Your Poison Magic skill gained 4 levels and is now at level 5!
Training target 3.0 for Dodging reached!
Training target 3.0 for Spellcasting reached!
You have reached level 5!
You feel stronger. The goblin hits you with a +0 dagger.
* * * LOW HITPOINT WARNING * * *
You closely miss the goblin. Your grab misses the goblin.
Your squeeze misses the goblin.
The goblin unwields a +0 sling.
The goblin wields a +0 dagger.
The goblin hits you with a +0 dagger.
You die...

####.##...# #............# #..
#.....#...###..#..ggg).........#
...............#<##...##...###.#
......##..####.#..#...#.##.# #.#
#.....##..........>g...g# .# #.
#.....##..######§##.#.#.# #
########..# #.###.##.# ###.
########..######g######.##.....
...............g@g...).........
########.######)#######.#####.#
# #.# #..†......# ## #.#
########### .# #.# <# #.# .# #.#
. .# #.# # .# #.#### #


You could see 3 goblins.

Vanquished Creatures
  Jessica (D:2)
  Robin (D:2)
  2 adders
  A dart slug (D:1)
  A ball python (D:1)
  2 endoplasms
  5 giant cockroaches
  8 goblins
  7 hobgoblins
  3 kobolds
  A quokka (D:1)
  A bat (D:1)
  2 frilled lizards (D:2)
  3 rats
38 creatures vanquished.

Notes
Turn   | Place    | Note
-------+----------+-------------------------------------------
     0 | D:1      | pixierail the Octopode Transmuter began the quest for the
                  | Orb.
     0 | D:1      | Reached XP level 1. HP: 13/13 MP: 3/3
   115 | D:1      | Reached XP level 2. HP: 18/18 MP: 3/5
   239 | D:1      | Found a faded altar of an unknown god.
   713 | D:2      | Reached XP level 3. HP: 19/23 MP: 6/6
   720 | D:2      | Learned a level 3 spell: Spider Form
   745 | D:2      | Noticed Robin
  1074 | D:2      | Noticed Jessica
  1087 | D:2      | Killed Jessica
  1088 | D:2      | Reached skill level 1 in Poison Magic
  1088 | D:2      | Reached XP level 4. HP: 14/29 MP: 3/7
  1425 | D:2      | Killed Robin
  1426 | D:2      | Reached skill level 5 in Fighting
  1426 | D:2      | Reached skill level 5 in Dodging
  1426 | D:2      | Reached skill level 5 in Unarmed Combat
  1426 | D:2      | Reached skill level 5 in Transmutations
  1426 | D:2      | Reached skill level 5 in Poison Magic
  1426 | D:2      | Reached XP level 5. HP: 6/39 MP: 8/12
  1426 | D:2      | HP: 1/39 [goblin/+0 dagger[Robin] (5)]
  1427 | D:2      | Slain by a goblin

Illustrated notes

Levels and vault maps discovered:
D:1:      saegor_arrival_simple_a, layout_loops_ring,
          ebering_ecumenical_altar_rust
D:2:      layout_loops_ring, minmay_tromino_mix6, uniq_jessica, uniq_robin

Skill      XL: |  1  2  3  4 |
---------------+-------------+-----
Poison Magic   | 1 5 |  5.4
Fighting       | 5 |  5.1
Dodging        | 5 |  5.2
Unarmed Combat | 5 |  5.8
Spellcasting   | 4 |  4.9
Transmutations | 5 |  5.2

Action                     |  1- 3 |  4- 6 || total
---------------------------+-------+-------++-------
  Melee: Unarmed           |    56 |    25 ||    81
         Constrict         |    17 |     9 ||    26
         Tentacles         |     9 |     2 ||    11
         Kick              |    13 |     3 ||    16
         Punch             |     1 |     1 ||     2
   Cast: Beastly Appendage |    14 |     7 ||    21
         Spider Form       |     1 |       ||     1
    Use: Potion            |       |     2 ||     2
   Stab: Sleeping          |     4 |       ||     4
 Armour: Skin              |     4 |     3 ||     7
  Dodge: Dodged            |    41 |    28 ||    69
